 Dungeon Crawl Stone Soup version 0.16.1-2-g95b8d4c (webtiles) character file.

1756 Antunes the Covert (level 8, -3/39 HPs)
             Began as a Spriggan Assassin on Mar 24, 2015.
             Was a Believer of Ashenzari.
             Slain by SaintRoka's ghost (16 damage)
             ... on level 7 of the Dungeon.
             The game lasted 01:05:25 (6267 turns).

Antunes the Covert (Spriggan Assassin)              Turns: 6267, Time: 01:05:25

Health: -3/39      AC:  7    Str:  9    XL:     8   Next: 78%
Magic:  23/23      EV: 23    Int: 17    God:    Ashenzari [**....]
Gold:   355        SH:  0    Dex: 20    Spells: 3 memorised, 10 levels left

rFire  + . .     SeeInvis +     f - +3 long sword of the Lesser Evil {slice, Int+5} (curse)
rCold  + . .     Clarity  .     D - +0 mottled dragon armour (curse)
rNeg   . . .     SustAb   .     (shield restricted)
rPois  .         Gourm    .     (helmet restricted)
rElec  .         Spirit   .     m - +0 cloak
rCorr  .         Warding  .     (gloves unavailable)
rMut   .         Stasis   .     (boots unavailable)
MR     ++...                    R - amulet of rage
Stlth  +++++.....               M - ring of protection from magic (curse)
                                s - ring of protection from fire (curse)

@: exhausted, slowed, quick, very resistant to hostile enchantments, quite
stealthy
A: unfitting armour, see invisible, cold resistance 1, herbivore 3, speed 3,
slow metabolism 2, strong 1, placid magic 1
a: Renounce Religion, Evoke Berserk Rage


You were on level 7 of the Dungeon.
You worshipped Ashenzari.
Ashenzari was pleased with you.
You were not hungry.

You visited 2 branches of the dungeon, and saw 13 of its levels.

You collected 355 gold pieces.


Innate Abilities, Weirdness & Mutations

You are tiny and cannot use many weapons and most armour.
You have supernaturally acute eyesight.
You are a herbivore.
You cover ground extremely quickly.
You need consume almost no food.
Your flesh is cold resistant.
Your muscles are strong. (Str +2)
Your spells are a little easier to cast, but a little less powerful.


   Skills:
 * Level 2.9 Fighting
 * Level 4.3(4.7) Short Blades
 + Level 1.9(4.7) Long Blades
 + Level 0.1 Axes
 * Level 4.7 Throwing
 + Level 1.3 Armour
 + Level 7.8 Dodging
 * Level 9.2 Stealth
 * Level 4.3 Spellcasting
 * Level 1.6(2.7) Necromancy
 * Level 3.6(4.9) Evocations


You had 10 spell levels left.
You knew the following spells:

 Your Spells              Type           Power        Failure   Level  Hunger
a - Pain                  Necr           #...         5%          1    None
b - Animate Skeleton      Necr           N/A          5%          1    None
c - Regeneration          Chrm/Necr      #.........   26%         3    ###....


Dungeon Overview and Level Annotations

Branches:
Dungeon (12/15)            Temple (1/1) D:4            Lair (0/8) D:10
    Orc: D:9-12

Altars:
Ashenzari
Cheibriados
Dithmenos
Elyvilon
Fedhas
Gozag
Kikubaaqudgha
Makhleb
Nemelex Xobeh
Okawaru
Qazlal
Ru
Sif Muna
Trog
Vehumet
Xom
Yredelemnul
Zin
The Shining One

Shops:
D:7 [

Annotations:
D:7 SaintRoka's ghost, experienced NaHu
D:8 exclusion: upstairs, Prince Ribbit
D:10 Antunes' ghost, weakling SpAr
D:11 exclusion: downstairs, Erolcha

Inventory:

Hand weapons
 a - a +2 dagger
 b - a +0 blowgun
 f - the cursed +3 long sword of the Lesser Evil (weapon) {slice, Int+5}
   (You found it on level 11 of the Dungeon)

   It inflicts extra damage upon your enemies.
   It affects your intelligence (+5).
   It has a curse placed upon it.
 h - a +0 falchion
   (You found it on level 6 of the Dungeon)
 y - a +0 hand axe
   (You found it on level 5 of the Dungeon)
 S - a +4 flail of crushing
   (You took it off Edmund on level 7 of the Dungeon)
Missiles
 e - 66 poisoned needles
 k - 2 throwing nets
 q - 11 silver bolts
 u - 2 tomahawks of dispersal
 A - 19 stones
 N - 2 tomahawks (quivered)
 Q - 19 sling bullets
Armour
 d - a +0 cloak
 m - a +0 cloak (worn)
   (You found it on level 4 of the Dungeon)
 D - a cursed +0 mottled dragon armour (worn)
   (You found it on level 8 of the Dungeon)
 K - a +0 buckler
   (You found it on level 12 of the Dungeon)
Jewellery
 s - a cursed ring of protection from fire (left hand)
   (You found it on level 3 of the Dungeon)
 B - an uncursed amulet of regeneration
   (You found it on level 8 of the Dungeon)
 M - a cursed ring of protection from magic (right hand)
   (You found it on level 9 of the Dungeon)
 R - an amulet of rage (around neck)
   (You found it on level 7 of the Dungeon)
Magical devices
 r - a wand of draining (12)
   (You found it on level 6 of the Dungeon)
 x - a wand of paralysis (6)
   (You found it on level 9 of the Dungeon)
 E - a wand of digging (16)
   (You found it on level 9 of the Dungeon)
 F - a wand of digging (9)
   (You found it on level 9 of the Dungeon)
 H - a wand of fire (3)
   (You found it on level 10 of the Dungeon)
Scrolls
 i - 2 scrolls of curse armour
 j - 2 scrolls of fear
 t - 2 scrolls of identify
 w - a scroll of magic mapping
 C - a scroll of immolation
 J - a scroll of teleportation
 P - 2 scrolls of remove curse
Potions
 c - a potion of agility
 l - 3 potions of ambrosia
 n - 2 potions of mutation
 o - 2 potions of heal wounds
 p - 2 potions of brilliance
 v - 2 potions of haste
 z - a potion of curing
 O - a potion of flight {unknown}
Books
 G - a book of Clouds
   (You found it on level 9 of the Dungeon)
 I - a book of Necromancy
   (You found it on level 10 of the Dungeon)
 T - a book of Enchantments
   (You found it on level 7 of the Dungeon)
Comestibles
 g - 5 bread rations
 L - 3 fruits

####.# #.........#.#
#_##.#######.######..#.#
#.8..........# ##.#.#
....>######### #.#.#
.....# #######.#.#
#.8..# #.....>...#
#_#..# ##.#####.###
###..# #####...####.#
#..####......W@....#
###.......###...######
......########.##
####...........#
#.########### #)# #.#
####.# .....#


You could see SaintRoka's ghost.


Message History

SaintRoka's ghost completely misses you.
You hit SaintRoka's ghost.
SaintRoka's ghost is heavily damaged.
SaintRoka's ghost completely misses you.
You hit SaintRoka's ghost but do no damage.
SaintRoka's ghost is heavily damaged.
You hit SaintRoka's ghost.
SaintRoka's ghost is heavily damaged.
SaintRoka's ghost barely misses you.
You closely miss SaintRoka's ghost.
SaintRoka's ghost is heavily damaged.
SaintRoka's ghost barely misses you.
You hit SaintRoka's ghost.
SaintRoka's ghost is severely damaged.
SaintRoka's ghost twirls its quarterstaff.
SaintRoka's ghost completely misses you.
You hit SaintRoka's ghost!
SaintRoka's ghost is severely damaged.
SaintRoka's ghost misses you.
You closely miss SaintRoka's ghost.
SaintRoka's ghost is severely damaged.
You closely miss SaintRoka's ghost.
SaintRoka's ghost is severely damaged.
SaintRoka's ghost hits you!
You completely miss SaintRoka's ghost.
SaintRoka's ghost is severely damaged.
SaintRoka's ghost hits you!
You hit SaintRoka's ghost.
SaintRoka's ghost is severely damaged.
You hit SaintRoka's ghost.
SaintRoka's ghost is almost destroyed.
SaintRoka's ghost hits you but does no damage.
You hit SaintRoka's ghost!
SaintRoka's ghost is almost destroyed.
You are no longer berserk.
You are exhausted.
You feel yourself slow down. SaintRoka's ghost closely misses you.
You hit SaintRoka's ghost but do no damage.
SaintRoka's ghost is almost destroyed.
SaintRoka's ghost closely misses you. SaintRoka's ghost misses you.
Your mottled dragon armour prevents you from hitting SaintRoka's ghost.
SaintRoka's ghost is almost destroyed.
SaintRoka's ghost misses you.
You barely miss SaintRoka's ghost.
SaintRoka's ghost is almost destroyed.
SaintRoka's ghost barely misses you. SaintRoka's ghost closely misses you.
You hit SaintRoka's ghost.
SaintRoka's ghost is almost destroyed.
SaintRoka's ghost hits you!
You die...

Action                   |  1- 3 |  4- 6 |  7- 9 || total
-------------------------+-------+-------+-------++-------
Melee: Dagger            |    74 |    81 |     1 ||   156
       Falchion          |       |    49 |       ||    49
       Hand axe          |       |    21 |       ||    21
       Long sword        |       |     8 |   205 ||   213
 Fire: Blowgun           |       |     1 |     2 ||     3
Throw: Throwing net      |     2 |       |       ||     2
       Tomahawk          |       |     1 |     2 ||     3
 Abil: Evoke Berserk Rag |       |       |     1 ||     1
Evoke: Wand              |       |     4 |     1 ||     5
  Use: Scroll            |     5 |     5 |     8 ||    18
       Potion            |     1 |     9 |     1 ||    11
 Stab: Sleeping          |     8 |     7 |    10 ||    25
       Distracted        |       |     2 |     2 ||     4
       Paralysed         |       |       |     2 ||     2
  Eat: Bread ration      |       |     1 |       ||     1

Vault maps used:
D:1:      lightli_arrival_chessboard, serial_forest, infiniplex_forest_fountain,
          infiniplex_forest_end_3, infiniplex_forest_clump_C,
          infiniplex_forest_clump_medium, infiniplex_forest_end_double,
          infiniplex_forest_clump_C, infiniplex_forest_corner_1,
          infiniplex_forest_clump_C, infiniplex_forest_clump_small,
          infiniplex_forest_clump_double
D:4:      temple_pool_a, first_bread
D:5:      kennysheep_mini_moat
D:6:      grunt_temple_overflow_gold_and_silver
D:7:      minitemple, serial_shops, nicolae_shop_trees, uniq_menkaure,
          uniq_edmund
D:8:      okawaru_ov_weapons_minmay, hangedman_little_slice_of_home,
          uniq_prince_ribbit1
D:9:      special_room, enter_bailey_3
D:10:     erik_lair_orcish_takeover, kennysheep_boxes
D:11:     uniq_grum, uniq_erolcha
D:12:     erik_orc_1, hangedman_abyss_or_decor_clamps
Temple:   temple_island_7

Notes
Turn   | Place    | Note
--------------------------------------------------------------
     0 | D:1      | Antunes, the Spriggan Assassin, began the quest for the Orb.
     0 | D:1      | Reached XP level 1. HP: 10/10 MP: 2/2
    90 | D:1      | Reached skill level 6 in Stealth
   771 | D:3      | Noticed a crimson imp
   804 | D:4      | Found a staircase to the Ecumenical Temple.
   814 | Temple   | Entered the Ecumenical Temple
   861 | Temple   | Became a worshipper of Ashenzari the Shackled
  1098 | D:4      | Reached XP level 2. HP: 12/14 MP: 4/4
  1117 | D:4      | Noticed a worker ant
  1250 | D:4      | Noticed an iguana
  1263 | D:4      | Noticed a worker ant
  1266 | D:4      | Noticed a hound
  1274 | D:4      | HP: 3/14 [worker ant (4)]
  1608 | D:5      | Entered Level 5 of the Dungeon
  1625 | D:5      | Noticed a scorpion
  1628 | D:5      | Killed a scorpion
  1628 | D:5      | Reached skill level 2 in Dodging
  1628 | D:5      | Reached skill level 1 in Spellcasting
  1628 | D:5      | Reached XP level 3. HP: 16/18 MP: 5/7
  1722 | D:5      | Reached XP level 4. HP: 7/23 MP: 10/10
  1956 | D:5      | Found a glowing golden altar of the Shining One.
  1959 | D:5      | Noticed a scorpion
  2014 | D:4      | Noticed ImaNewbie's ghost (average SpEn)
  2110 | D:5      | Gained mutation: Your muscles are strong. (Str +2) [potion of mutation]
  2110 | D:5      | Gained mutation: Your spells are a little easier to cast, but a little less powerful. [potion of mutation]
  2110 | D:5      | Gained mutation: Your flesh is cold resistant. [potion of mutation]
  2131 | D:7      | Noticed SaintRoka's ghost (experienced NaHu)
  2186 | D:6      | Reached skill level 3 in Dodging
  2186 | D:6      | Reached skill level 2 in Spellcasting
  2189 | D:6      | Noticed a centaur
  2204 | D:6      | HP: 3/23 [something (11)]
  2232 | D:6      | Killed a centaur
  2232 | D:6      | Reached skill level 3 in Short Blades
  2232 | D:6      | Reached skill level 4 in Dodging
  2232 | D:6      | Reached skill level 7 in Stealth
  2232 | D:6      | Reached XP level 5. HP: 7/26 MP: 14/14
  2237 | D:6      | HP: 3/26 [giant mite (4)]
  2302 | D:6      | Reached skill level 3 in Throwing
  2318 | D:6      | HP: 2/26 [shadow imp/nerve-wracking pain (4)]
  2715 | D:5      | Noticed a centaur
  2886 | D:8      | Reached skill level 5 in Dodging
  2900 | D:8      | Reached XP level 6. HP: 30/30 MP: 17/17
  2917 | D:8      | Noticed a wraith
  2938 | D:8      | Noticed an orc warrior
  3011 | D:8      | Noticed an ogre
  3090 | D:9      | Noticed a yak
  3247 | D:9      | Reached skill level 2 in Fighting
  3265 | D:8      | Found an iron altar of Okawaru.
  3354 | D:7      | Found a burning altar of Makhleb.
  3357 | D:7      | Found a radiant altar of Vehumet.
  3452 | D:8      | HP: 6/30 [shadow imp/nerve-wracking pain (8)]
  3457 | D:7      | Found an ancient bone altar of Kikubaaqudgha.
  3457 | D:7      | Found a sparkling altar of Nemelex Xobeh.
  3459 | D:7      | Found a bloodstained altar of Trog.
  3460 | D:7      | Found a shimmering altar of Xom.
  3461 | D:7      | Found a stormy altar of Qazlal.
  3462 | D:7      | Found a deep blue altar of Sif Muna.
  3495 | D:7      | Noticed Edmund
  3717 | D:8      | Noticed a necrophage
  3739 | D:8      | Reached skill level 6 in Dodging
  3855 | D:10     | Entered Level 10 of the Dungeon
  3860 | D:10     | Found a staircase to the Lair.
  3860 | D:10     | Noticed a warg
  3860 | D:10     | Noticed Antunes' ghost (weakling SpAr)
  3884 | D:10     | Reached skill level 1 in Evocations
  3980 | D:10     | Learned a level 1 spell: Pain
  3982 | D:10     | Learned a level 1 spell: Animate Skeleton
  4030 | D:12     | Noticed a soldier ant
  4040 | D:11     | Noticed a centaur skeleton
  4055 | D:11     | Killed a centaur skeleton
  4055 | D:11     | Reached skill level 7 in Dodging
  4055 | D:11     | Reached skill level 3 in Spellcasting
  4055 | D:11     | Reached skill level 2 in Evocations
  4055 | D:11     | Reached XP level 7. HP: 28/35 MP: 18/20
  4177 | D:11     | Noticed a gargoyle
  4368 | D:12     | Noticed a deep elf mage
  4445 | D:11     | Got the long sword of the Lesser Evil {slice, Int+5}
  4451 | D:11     | Identified the +3 long sword of the Lesser Evil {slice, Int+5} (You found it on level 11 of the Dungeon)
  4460 | D:11     | Noticed Erolcha
  4565 | D:9      | Reached skill level 8 in Stealth
  4801 | D:8      | Reached skill level 1 in Armour
  4804 | D:8      | Noticed Prince Ribbit
  4989 | D:4      | Noticed a scorpion
  5004 | D:4      | Killed a scorpion
  5004 | D:4      | Reached skill level 4 in Throwing
  5007 | D:4      | Killed a worker ant
  5007 | D:4      | Reached XP level 8. HP: 15/39 MP: 21/21
  5097 | D:4      | Killed a worker ant
  5178 | D:4      | Killed ImaNewbie's ghost
  5178 | D:4      | Reached skill level 4 in Short Blades
  5178 | D:4      | Reached skill level 1 in Necromancy
  5433 | D:6      | Reached skill level 1 in Long Blades
  5452 | D:6      | Found an opulent altar of Gozag.
  5452 | D:6      | Found a glowing silver altar of Zin.
  5551 | D:6      | Acquired Ashenzari's first power
  5576 | D:7      | Noticed a giant frog
  5583 | D:7      | Killed a giant frog
  5583 | D:7      | Reached skill level 3 in Evocations
  5753 | D:7      | Found Huinaxa's Antique Armour Boutique.
  5774 | D:7      | Killed Edmund
  5774 | D:7      | Reached skill level 4 in Spellcasting
  5841 | D:7      | Noticed Menkaure
  5849 | D:7      | Killed Menkaure
  5849 | D:7      | Reached skill level 9 in Stealth
  5909 | D:7      | Noticed a hippogriff
  5919 | D:7      | Killed a hippogriff
  5998 | D:7      | Learned a level 3 spell: Regeneration
  6267 | D:7      | Slain by SaintRoka's ghost

Vanquished Creatures
  A hippogriff (D:7)
  Edmund (D:7)
  Menkaure (D:7)
  The ghost of ImaNewbie the Magician, an average SpEn (D:4)
  2 centaurs (D:6 D:9)
  2 giant frogs (D:8 D:7)
  A water moccasin skeleton (D:8)
  3 scorpions (D:5 D:4 D:7)
  A giant frog zombie (D:8)
  3 crimson imps (D:6 D:7)
  A hound (D:6)
  3 centaur skeletons (D:10 D:11 D:9)
  A jelly (D:8)
  A giant frog skeleton (D:8)
  4 worker ants (D:5 D:9 D:4)
  A worker ant zombie (D:7)
  An adder (D:6)
  7 gnolls (D:8 D:7)
  3 shadow imps (D:6 D:8)
  A giant mite (D:6)
  A worm (D:4)
  An adder zombie (D:7)
  4 orcs (D:8 D:4 D:6)
  A ball python (D:4)
  3 goblins (D:5 D:7)
  4 hobgoblins (D:6 D:8 D:4)
  10 jackals (D:4 D:9 D:7)
  3 kobolds (D:8 D:6 D:7)
  4 quokkas (D:5 D:6 D:8 D:7)
  6 bats (D:1 D:4 D:10)
  3 giant cockroaches (D:3 D:4 D:6)
  3 giant geckos (D:4 D:6 D:9)
  3 giant newts (D:6)
  3 giant spores (D:7 D:6)
  A quokka zombie (D:8)
  5 rats (D:1 D:5 D:4 D:6)
  4 ballistomycetes (D:7 D:6)
98 creatures vanquished.

Vault maps used:
D:1:      lightli_arrival_chessboard, serial_forest, infiniplex_forest_fountain,
          infiniplex_forest_end_3, infiniplex_forest_clump_C,
          infiniplex_forest_clump_medium, infiniplex_forest_end_double,
          infiniplex_forest_clump_C, infiniplex_forest_corner_1,
          infiniplex_forest_clump_C, infiniplex_forest_clump_small,
          infiniplex_forest_clump_double
D:4:      temple_pool_a, first_bread
D:5:      kennysheep_mini_moat
D:6:      grunt_temple_overflow_gold_and_silver
D:7:      minitemple, serial_shops, nicolae_shop_trees, uniq_menkaure,
          uniq_edmund
D:8:      okawaru_ov_weapons_minmay, hangedman_little_slice_of_home,
          uniq_prince_ribbit1
D:9:      special_room, enter_bailey_3
D:10:     erik_lair_orcish_takeover, kennysheep_boxes
D:11:     uniq_grum, uniq_erolcha
D:12:     erik_orc_1, hangedman_abyss_or_decor_clamps
Temple:   temple_island_7

Table legend:
 A = Turns spent in this place as a percentage of turns spent in the entire game.
 B = Non-inter-level travel turns spent in this place as a percentage of non-inter-level travel turns spent in the entire game.
 C = Inter-level travel turns spent in this place as a percentage of turns spent in this place.
 D = Turns resting spent in this place as a percentage of non-inter-level travel turns spent in this place.
 E = Turns spent auto-exploring this place as a percentage of non-inter-level travel turns spent in this place.
 F = Non-inter-level travel turns spent in this place divided by the number of levels of this place that you've seen.
                   A       B       C       D       E      F
               +-------+-------+-------+-------+-------+----------------------
         Total | 100.0 | 100.0 |   0.0 |   0.9 |   1.4 | 294.7
       Dungeon |  98.7 |  98.7 |   0.0 |   1.0 |   1.4 | 315.2
        Temple |   1.3 |   1.3 |   0.0 |   0.0 |   4.2 |  48.0
               +-------+-------+-------+-------+-------+----------------------

Table legend:
 A = Kills in this place as a percentage of kills in entire the game.
 B = Kills by you in this place as a percentage of kills by you in the entire game.
 C = Kills by friends in this place as a percentage of kills by friends in the entire game.
 D = Other kills in this place as a percentage of other kills in the entire game.
 E = Experience gained in this place as a percentage of experience gained in the entire game.
 F = Experience gained in this place divided by the number of levels of this place that you have seen.
                   A       B       C       D       E      F
               +-------+-------+-------+-------+-------+----------------------
         Total | 100.0 | 100.0 |  -nan |  -nan | 100.0 | 193.0
       Dungeon | 100.0 | 100.0 |  -nan |  -nan | 100.0 | 209.1
               +-------+-------+-------+-------+-------+----------------------
